 Dungeon Crawl Stone Soup version 0.17-a0-1403-g9df874c (webtiles) character file.

152 zhaorenw the Cudgeler (level 5, -2/32 HPs)
             Began as a Gargoyle Fighter on June 21, 2015.
             Killed by divine providence
             ... invoked by an orc priest
              (15 damage)
             ... on level 3 of the Dungeon.
             The game lasted 00:05:00 (2676 turns).

zhaorenw the Cudgeler (Gargoyle Fighter)            Turns: 2676, Time: 00:05:00

Health: -2/32      AC: 11    Str: 20    XL:     5   Next: 34%
Magic:  5/5        EV: 12    Int:  9    God:
Gold:   147        SH:  0    Dex:  9    Spells: 0 memorised, 4 levels left

rFire  + . .     SeeInvis .     a - +0 flail
rCold  . . .     Rnd*Rage +     b - +0 scale mail
rNeg   + . .     SustAt   .     (no shield)
rPois  ∞         Gourm    .     h - +1 hat
rElec  +         Spirit   .     (no cloak)
rCorr  .         Warding  .     (no gloves)
rMut   .         Stasis   .     (no boots)
MR     .....                    (no amulet)
Stlth  ..........               s - ring of protection from fire {rF+, !d}
                                p - +3 ring of evasion

@: not resistant to hostile enchantments, extremely unstealthy
A: hooves 1, berserk 1, negative energy resistance 1, electricity resistance,
spit poison 1, unbreathing, petrification resistance, rot immunity, AC +4
a: Spit Poison


You were on level 3 of the Dungeon.
You were not hungry.

You visited 1 branch of the dungeon, and saw 3 of its levels.

You collected 147 gold pieces.

Inventory:

Hand weapons
 a - a +0 flail (weapon)
Armour
 b - a +0 scale mail (worn)
 c - a +0 shield
 h - a +1 hat (worn)
   (You found it on level 1 of the Dungeon)
Jewellery
 p - a +3 ring of evasion (left hand)
   (You found it on level 1 of the Dungeon)
 s - a ring of protection from fire (right hand) {rF+, !d}
   (You took it off a hobgoblin on level 1 of the Dungeon)
 z - an uncursed ring of see invisible {sInv, !d}
   (You found it on level 3 of the Dungeon)
Scrolls
 f - 4 scrolls of enchant weapon {unknown}
 i - a scroll of fear {unknown}
 j - 2 scrolls of remove curse {unknown}
 k - 2 scrolls of magic mapping {unknown}
 l - 2 scrolls of identify
 m - a scroll of amnesia {unknown}
 q - 3 scrolls of teleportation
 r - a scroll of recharging {unknown}
 w - a scroll of noise {unknown}
 y - a scroll of fog {unknown}
Potions
 d - a potion of might
 o - a potion of haste
 t - a potion of resistance
 u - a potion of lignification {!q}
Comestibles
 e - 3 bread rations {@e1}
 g - a chunk of flesh {@w0}
 n - a slice of pizza
 v - a meat ration {@e2}


   Skills:
 - Level 3.2 Fighting
 + Level 5.4 Maces & Flails
 - Level 3.2 Armour
 - Level 3.2 Shields


You had 4 spell levels left.
You didn't know any spells.

Dungeon Overview and Level Annotations

Branches:
Dungeon (3/15)

Altars:


Innate Abilities, Weirdness & Mutations

You are resistant to torment.
Your stone body is resilient (AC +4).
You are immune to poison.
You resist negative energy.
You are resistant to electric shocks.
You can survive without breathing.
You are immune to petrification.
You are immune to rotting.
You have large cloven feet.
You tend to lose your temper in combat.
You can spit weak poison.


Message History

You barely miss Natasha. Your kick misses Natasha.
The bat hits you but does no damage. Natasha claws you but does no damage.
Natasha mumbles some strange words.
Unknown command.
You closely miss Natasha. You kick Natasha, but do no damage.
The bat completely misses you. Natasha closely misses you.
You hit Natasha. You kick Natasha, but do no damage. The bat barely misses you.
Natasha barely misses you. The bat closely misses you.
Natasha casts a spell at you. You resist with some effort.
You closely miss Natasha. The bat hits you but does no damage.
Natasha barely misses you. The crimson imp barely misses you.
Natasha barely misses you.
You completely miss Natasha. You kick Natasha, but do no damage.
The bat hits you but does no damage. The bat misses you.
Natasha closely misses you.
The crimson imp hits you but does no damage.
You barely miss Natasha. Your kick misses Natasha. The bat closely misses you.
Natasha casts a spell.
The crimson imp blinks!
Natasha closely misses you.
You hit Natasha.
You kill Natasha!
Natasha screams in fury as she dies!
The crimson imp disappears in a puff of smoke!
The iron imp disappears in a puff of smoke!
The bat closely misses you. The bat hits you but does no damage.
Unknown command.
The bat misses you.
You see here the felid corpse of Natasha.
You barely miss the bat. You kick the bat, but do no damage.
The bat closely misses you. The bat barely misses you.
You closely miss the bat. You kick the bat, but do no damage.
The bat closely misses you.
You closely miss the bat. Your kick misses the bat. The bat closely misses you.
The bat barely misses you. The bat misses you.
You miss the bat. Your kick misses the bat. The bat misses you.
You sock the bat!
You kill the bat!
No target in view!
No target in view!
You see here the felid corpse of Natasha.
You butcher the felid corpse of Natasha.
g - a chunk of flesh {@w0} You see here the felid skeleton of Natasha.
m - a scroll labeled IHA REONOTS
There is a stone staircase leading down here.
x - a javelin of returning
z - a sapphire ring Put on which piece of jewellery? (? for menu, Esc to quit)
You're wearing all the rings you can.
Remove which one? (? for menu, Esc to cancel) < or
p - a +3 ring of evasion > or
s - a ring of protection from fire {rF+, !d} You remove your ring of protection from fire {rF+, !d}.
z - a ring of see invisible (right hand) Put on which piece of jewellery? (? for menu, Esc to quit)
You're wearing all the rings you can.
Remove which one? (? for menu, Esc to cancel) < or
p - a +3 ring of evasion > or
z - a ring of see invisible {sInv, !d} You remove your ring of see invisible {sInv, !d}.
s - a ring of protection from fire (right hand) {rF+, !d} Number of times to repeat, then command key: You must enter the number of times for the command to repeat.
You now have 147 gold pieces (gained 7).
f - 4 scrolls labeled BEBIAPT TIOSU (gained 1)
You regained 2 hp, and now have 30/32 hp.
An orc priest is nearby!
An orc priest is nearby!
An orc priest is nearby!
Unknown command.
Aim: an orc priest (hasn't noticed you)
You throw a javelin of returning. The orc priest shouts!
The javelin of returning hits the orc priest but does no damage.
The javelin of returning fails to return to your pack!
You closely miss the orc priest. Your kick misses the orc priest.
The orc priest calls down the wrath of Beogh upon you.
You barely resist.
You hit the orc priest but do no damage.
The orc priest hits you. The orc priest barely misses you.
You take 3 damage, and have 27/32 hp.
You closely miss the orc priest. Your kick misses the orc priest.
The orc priest hits you but does no damage.
Your scale mail prevents you from hitting the orc priest.
You kick the orc priest, but do no damage.
The orc priest completely misses you.
You closely miss the orc priest. Your kick misses the orc priest.
The orc priest hits you but does no damage.
You closely miss the orc priest.
You kick the orc priest, but do no damage.
The orc priest invokes the aid of Beogh against you.
Something smites you!
You take 14 damage, and have 13/32 hp.
MASSIVE DAMAGE!!
You hit the orc priest. Your kick misses the orc priest.
The orc priest invokes the aid of Beogh against you.
Something smites you!
You die...

.....###.......###
.######...#..###
##......#.#..##
#..######.....##
..## #.......### #
.## ............#
.# ##
##..........##.##..
....
##................
.###
#...!.....@o......
.#
#.###..####.....##
## #...... ###...#
..###. #... . .#. .


You could see an orc priest.

Vanquished Creatures
  Jessica (D:2)
  Natasha (twice) (D:3)
  Robin (D:2)
  2 adders (D:2)
  A worm (D:3)
  2 giant geckos (D:2)
  3 orcs
  A giant cockroach (D:1)
  7 goblins
  6 hobgoblins
  12 jackals
  2 quokkas
  2 ball pythons (D:1)
  5 bats
  4 giant newts
  2 kobolds (D:1)
  4 rats
57 creatures vanquished.

Notes
Turn   | Place    | Note
--------------------------------------------------------------
     0 | D:1      | zhaorenw the Gargoyle Fighter began the quest for the Orb.
     0 | D:1      | Reached XP level 1. HP: 14/14 MP: 1/1
   124 | D:1      | Reached XP level 2. HP: 17/19 MP: 2/2
   324 | D:1      | Reached skill level 3 in Maces & Flails
   718 | D:2      | Reached XP level 3. HP: 23/23 MP: 3/3
  1121 | D:2      | Noticed Jessica
  1127 | D:2      | Killed Jessica
  1127 | D:2      | Reached skill level 4 in Maces & Flails
  1127 | D:2      | Reached XP level 4. HP: 7/28 MP: 4/4
  1958 | D:3      | Noticed Natasha
  1971 | D:3      | Killed Natasha
  1974 | D:3      | HP: 7/28 [worm (3)]
  1993 | D:3      | Noticed Robin
  2224 | D:2      | Gained mutation: You can spit weak poison. [potion of mutation]
  2224 | D:2      | Gained mutation: You tend to lose your temper in combat. [potion of mutation]
  2224 | D:2      | Gained mutation: You have large cloven feet. [potion of mutation]
  2239 | D:2      | Reached skill level 5 in Maces & Flails
  2239 | D:2      | Reached XP level 5. HP: 27/32 MP: 5/5
  2284 | D:2      | Killed Robin
  2592 | D:3      | Noticed Natasha
  2608 | D:3      | Killed Natasha
  2676 | D:3      | Killed from afar by an orc priest

Vault maps used:
D:1:      eino_arrival_tree_alley
D:2:      uniq_jessica
D:3:      bloody_trog, uniq_natasha, uniq_robin

Action                   |  1- 3 |  4- 6 || total
-------------------------+-------+-------++-------
Melee: Flail             |    63 |   136 ||   199
Throw: Javelin           |    23 |    12 ||    35
 Abil: Spit Poison       |       |     1 ||     1
  Use: Potion            |     1 |     2 ||     3
       Scroll            |       |     4 ||     4
  Eat: Chunk             |     1 |     4 ||     5
       Beef jerky        |       |     1 ||     1

Vault maps used:
D:1:      eino_arrival_tree_alley
D:2:      uniq_jessica
D:3:      bloody_trog, uniq_natasha, uniq_robin

Table legend:
 A = Turns spent in this place as a percentage of turns spent in the entire game.
 B = Non-inter-level travel turns spent in this place as a percentage of non-inter-level travel turns spent in the entire game.
 C = Inter-level travel turns spent in this place as a percentage of turns spent in this place.
 D = Turns resting spent in this place as a percentage of non-inter-level travel turns spent in this place.
 E = Turns spent auto-exploring this place as a percentage of non-inter-level travel turns spent in this place.
 F = Non-inter-level travel turns spent in this place divided by the number of levels of this place that you've seen.
                   A       B       C       D       E      F
               +-------+-------+-------+-------+-------+----------------------
         Total | 100.0 | 100.0 |   0.3 |   2.6 |   7.2 | 307.3
       Dungeon | 100.0 | 100.0 |   0.3 |   2.6 |   7.2 | 307.3
               +-------+-------+-------+-------+-------+----------------------

Table legend:
 A = Kills in this place as a percentage of kills in entire the game.
 B = Kills by you in this place as a percentage of kills by you in the entire game.
 C = Kills by friends in this place as a percentage of kills by friends in the entire game.
 D = Other kills in this place as a percentage of other kills in the entire game.
 E = Experience gained in this place as a percentage of experience gained in the entire game.
 F = Experience gained in this place divided by the number of levels of this place that you have seen.
                   A       B       C       D       E      F
               +-------+-------+-------+-------+-------+----------------------
         Total | 100.0 | 100.0 |  -nan |  -nan | 100.0 |  72.7
       Dungeon | 100.0 | 100.0 |  -nan |  -nan | 100.0 |  72.7
               +-------+-------+-------+-------+-------+----------------------
